 Dungeon Crawl Stone Soup version 0.28.0-53-g5a82cb258f (webtiles) character file.

Game seed: 11368602937863248767

37177 zoefcunningham the Basher (level 13, 0/119 HPs)
             Began as a Minotaur Berserker on July 20, 2022.
             Was a High Priest of Trog.
             Slain by a catoblepas (4 damage)
             ... while petrified by a catoblepas
             ... on level 2 of the Lair of Beasts on July 21, 2022.
             The game lasted 01:49:12 (17930 turns).

zoefcunningham the Basher (Minotaur Berserker)     Turns: 17930, Time: 01:49:13

Health: 0/119      AC: 14    Str: 27    XL:     13   Next: 57%
Magic:  14/14      EV:  2    Int:  4    God:    Trog [*****.]
Gold:   639        SH:  0    Dex: 20    Spells: 12/12 levels left

rFire   + . .      SeeInvis .   m - +7 whip "Ybufem" {vorpal, rC+ rN+ Dex+4}
rCold   + . .      Faith    .   (no shield)
rNeg    + + +      Spirit   .   K - +2 ring mail {rF+}
rPois   ∞          Reflect  .   v - +2 hat
rElec   .          Harm     .   (no cloak)
rCorr   .          Rampage  .   e - +0 pair of gloves
Will    .....                   i - +0 pair of boots {Fly}
Stlth   +++.......              (no amulet)
HPRegen 0.29/turn               J - +6 ring of strength
MPRegen 0.14/turn               h - +4 ring of evasion

@: petrified, flying
A: horns 2, retaliatory headbutt
a: Renounce Religion, Berserk, Trog's Hand, Brothers in Arms


You were on level 2 of the Lair of Beasts.
You worshipped Trog.
Trog was extremely pleased with you.
You visited 3 branches of the dungeon, and saw 13 of its levels.
You also visited: Sewer and Bailey.

You collected 639 gold pieces.

Inventory:

Hand Weapons
 a - a +0 hand axe
 m - the +7 whip "Ybufem" (weapon) {vorpal, rC+ rN+ Dex+4}
   (You found it on level 2 of the Dungeon)

   It inflicts extra damage upon your enemies.
   Dex:       It affects your dexterity (+4).
   rC:        It protects you from cold.
   rN:        It protects you from negative energy.
 L - a +3 vorpal hand axe
Missiles
 d - 303 stones (quivered)
 D - 3 boomerangs
 M - 4 javelins
Armour
 e - a +0 pair of gloves (worn)
 i - a +0 pair of boots of flying (worn)
 u - a +2 pair of boots
 v - a +2 hat (worn)
 K - a +2 ring mail of fire resistance (worn)
Jewellery
 h - a +4 ring of evasion (right hand)
 J - a +6 ring of strength (left hand)
Wands
 w - a wand of charming (14)
 C - a wand of acid (3)
 I - a wand of polymorph (8)
Scrolls
 b - a scroll of enchant weapon {unknown}
 c - 3 scrolls of noise {unknown}
 f - 2 scrolls of enchant armour {unknown}
 k - 2 scrolls of fog {unknown}
 n - 2 scrolls of fear {unknown}
 o - a scroll of vulnerability {unknown}
 s - 4 scrolls of amnesia
 t - 5 scrolls of teleportation {unknown}
 y - 2 scrolls of torment {unknown}
 A - a scroll of blinking {unknown}
 B - a scroll of silence {unknown}
 E - a scroll of brand weapon {unknown}
 G - a scroll of acquirement {unknown}
 N - 2 scrolls of identify
Potions
 g - 4 potions of lignification
 j - 3 potions of heal wounds
 l - 2 potions of haste
 p - 2 potions of invisibility {unknown}
 q - 3 potions of brilliance
 r - 6 potions of magic
 x - 3 potions of might
 z - 2 potions of resistance
 F - a potion of flight {unknown}
 H - a potion of attraction {unknown}


   Skills:
 + Level 12.4 Fighting
 + Level 2.6(3.2) Short Blades
 + Level 3.2(3.8) Long Blades
 + Level 6.2(11.0) Axes
 + Level 13.6(14.2) Maces & Flails
 + Level 3.4(5.7) Polearms
 + Level 2.9(9.5) Staves
 + Level 3.0(3.6) Slings
 + Level 2.6 Bows
 + Level 2.6 Crossbows
 + Level 2.7(3.2) Throwing
 + Level 11.1 Armour
 + Level 9.3 Dodging
 + Level 5.1 Stealth
 + Level 3.4 Shields
 + Level 2.9 Unarmed Combat
 + Level 2.8 Invocations
 + Level 2.1 Evocations


You had 12 spell levels left.
You didn't know any spells.
Your spell library contained the following spells:

 Spells                   Type           Power      Damage    Failure   Level
 Beastly Appendage        Tmut           0%         N/A       61%         1
 Corpse Rot               Necr/Air       0%         N/A       75%         2
 Ensorcelled Hibernation  Hex/Ice        0%         N/A       75%         2
 Poisonous Vapours        Pois/Air       0%         N/A       75%         2
 Wereblood                Tmut           0%         N/A       75%         2
 Call Canine Familiar     Summ           0%         N/A       93%         3
 Frozen Ramparts          Ice            0%         1d2       93%         3
 Portal Projectile        Hex/Tloc       0%         N/A       93%         3
 Spider Form              Tmut/Pois      0%         N/A       93%         3
 Tukima's Dance           Hex            0%         N/A       93%         3
 Anguish                  Hex/Necr       0%         N/A       100%        4
 Ice Form                 Ice/Tmut       0%         N/A       100%        4
 Leda's Liquefaction      Hex/Erth       0%         N/A       100%        4
 Passage of Golubria      Tloc           0%         N/A       100%        4
 Summon Ice Beast         Ice/Summ       0%         N/A       100%        4
 Yara's Violent Unravell  Hex/Tmut       0%         3d3       100%        5


Dungeon Overview and Level Annotations

Branches:
Dungeon (10/15)            Temple (1/1) D:6            Lair (2/6) D:10
  Sewer (visited)          Bailey (visited)
  Swamp: Lair:2-4    Shoals: Lair:2-4     Snake: Lair:2-4    Spider: Lair:2-4
    Orc: D:9-12

Altars:
Ashenzari
Cheibriados
Dithmenos
Elyvilon
Fedhas
Gozag
Hepliaklqana
Kikubaaqudgha
Makhleb
Nemelex Xobeh
Okawaru
Qazlal
Ru
Sif Muna
Trog
Uskayaw
Vehumet
Wu Jian
Xom
Yredelemnul
Zin
The Shining One

Shops:
D:2 !   D:3 (   D:9 (

Annotations:
D:6 1 runed translucent door, Manslay's ghost, novice OpCj
Lair:2 exclusion: oklob plant


Innate Abilities, Weirdness & Mutations

You have a pair of horns on your head.
You reflexively headbutt those who attack you in melee.


Message History

The catoblepas gores you. The catoblepas gores you!
You turn to flesh and can move again.
You whack the catoblepas! You punch the catoblepas.
The catoblepas is moderately wounded.
The catoblepas breathes a plume of calcifying dust at you.
The blast of calcifying dust hits you!
You barely miss the catoblepas. You headbutt the catoblepas.
The catoblepas is moderately wounded.
You are engulfed in calcifying dust.
You hit the catoblepas.
The catoblepas is moderately wounded.
You are engulfed in calcifying dust.
You are slowing down.
The catoblepas gores you!!
You whack the catoblepas!
The catoblepas is heavily wounded.
You are engulfed in calcifying dust.
The catoblepas gores you!!
You hit the catoblepas.
The catoblepas is severely wounded.
You are engulfed in calcifying dust.
Your limbs are stiffening.
You hit the catoblepas.
The catoblepas is severely wounded.
You are engulfed in calcifying dust.
The catoblepas gores you!
You hit the catoblepas. Your headbutt misses the catoblepas.
The catoblepas is almost dead.
You are engulfed in calcifying dust.
The catoblepas gores you!!
* * * LOW HITPOINT WARNING * * *
You have turned to stone.
You are engulfed in calcifying dust.
The catoblepas gores you.
* * * LOW HITPOINT WARNING * * *
You are engulfed in calcifying dust.
The catoblepas breathes a plume of calcifying dust at you.
The blast of calcifying dust hits you.
You are engulfed in calcifying dust.
The catoblepas gores you!!
* * * LOW HITPOINT WARNING * * *
The catoblepas gores you!
* * * LOW HITPOINT WARNING * * *
The catoblepas gores you!
You die...

.......
.........##
....... ...
..........#
.###.#. ...
.........## ##
..
..§.###..##...#
# . .
...§..#..#.##.#
#..
...#......#.##
.# #......##..#
.#.
#......##.P#
..#
###@.####.##
....
.Y####Y.###.P#
....
....§§.......#
...
<...>.......##
##.
##.###.#..### #
######


You could see a catoblepas.

Vanquished Creatures
  A hydra (Lair:2)
  A two-headed ogre (D:10)
  A cyclops (D:10)
  A manticore (D:10)
  Joseph (D:9)
  8 cane toads
  A gargoyle (Bailey)
  Psyche (D:8)
  4 komodo dragons
  Maggie (D:9)
  A hornet (D:8)
  Prince Ribbit (D:9)
  7 blink frogs
  A vampire (Bailey)
  2 wraiths
  A basilisk (Lair:1)
  A wyvern (D:8)
  34 yaks
  A steam dragon (D:10)
  Menkaure (D:5)
  7 water moccasins
  4 orc warriors
  A black bear (D:8)
  3 sky beasts
  3 ice beasts
  3 centaurs
  2 ogres
  7 wolves (Lair:2)
  A phantom (D:5)
  A kobold brigand (D:10)
  8 bullfrogs
  2 water moccasin zombies
  A water moccasin skeleton (D:5)
  10 killer bees
  2 howler monkeys
  6 wolf zombies (Bailey)
  7 vampire bats (Bailey)
  6 centaur zombies
  A bullfrog zombie (D:6)
  2 bullfrog skeletons
  A jelly (Sewer)
  An orc priest (D:8)
  2 centaur skeletons (D:7)
  Ijyb (D:4)
  5 iguanas
  4 orc wizards
  5 hell rats (Lair:1)
  2 howler monkey zombies
  4 gnolls (D:4)
  5 adders
  A river rat (Sewer)
  3 adder skeletons
  8 worms
  7 dart slugs
  28 orcs
  21 endoplasms
  8 giant cockroaches
  3 hobgoblins
  12 jackals
  11 kobolds
  5 quokkas
  10 ball pythons
  2 bats
  5 frilled lizards
  9 goblins
  19 orc zombies (Bailey)
  7 rats
336 creatures vanquished.

Vanquished Creatures (others)
  An orc (D:9)
  8 fungi
  15 plants
24 creatures vanquished.

Grand Total: 360 creatures vanquished

Notes
Turn   | Place    | Note
-------+----------+-------------------------------------------
     0 | D:1      | zoefcunningham the Minotaur Berserker began the quest for
                  | the Orb.
     0 | D:1      | Reached XP level 1. HP: 19/19 MP: 0/0
   212 | D:1      | Reached XP level 2. HP: 20/27 MP: 1/1
   520 | D:1      | Reached XP level 3. HP: 20/33 MP: 2/2
  1266 | D:2      | Reached ** piety under Trog
  1481 | D:2      | Found Peyp's Distillery.
  1525 | D:2      | Found a faded altar of an unknown god.
  1575 | D:2      | Reached XP level 4. HP: 41/41 MP: 3/3
  1670 | D:2      | Identified the +7 whip "Ybufem" {vorpal, rC+ rN+ Dex+4}
  1865 | D:2      | Reached skill level 5 in Axes
  2596 | D:3      | Reached *** piety under Trog
  2624 | D:3      | Found Womutai's Antique Weapon Emporium.
  2757 | D:3      | Found a glowing drain.
  2772 | Sewer    | Entered a sewer
  2803 | Sewer    | Reached XP level 5. HP: 44/47 MP: 4/4
  2852 | Sewer    | Reached skill level 1 in Maces & Flails
  2991 | Sewer    | Found a viscous altar of Jiyva.
  3733 | D:4      | Reached skill level 2 in Maces & Flails
  3739 | D:4      | Reached skill level 5 in Fighting
  3970 | D:4      | Reached XP level 6. HP: 53/56 MP: 5/5
  4087 | D:4      | Reached **** piety under Trog
  4102 | D:4      | Noticed Ijyb
  4110 | D:4      | Killed Ijyb
  4111 | D:4      | Reached skill level 3 in Maces & Flails
  4676 | D:5      | Entered Level 5 of the Dungeon
  4678 | D:5      | Noticed a sky beast
  4687 | D:5      | Killed a sky beast
  4688 | D:5      | Reached skill level 4 in Maces & Flails
  4716 | D:5      | Reached XP level 7. HP: 61/61 MP: 6/6
  4924 | D:5      | Reached skill level 5 in Maces & Flails
  4924 | D:5      | Reached skill level 5 in Armour
  4924 | D:5      | Reached skill level 1 in Stealth
  5147 | D:5      | Reached skill level 6 in Maces & Flails
  5159 | D:5      | Reached XP level 8. HP: 70/70 MP: 7/7
  5426 | D:5      | Reached skill level 7 in Maces & Flails
  5576 | D:5      | Noticed Menkaure
  5590 | D:5      | Killed Menkaure
  5734 | D:5      | Found a burning altar of Makhleb.
  6184 | D:6      | Found a hazy altar of Hepliaklqana.
  6268 | D:6      | Reached skill level 8 in Maces & Flails
  6514 | D:6      | Found a shimmering altar of Xom.
  6514 | D:6      | Noticed Manslay's ghost (novice OpCj)
  6515 | D:6      | Found a runed translucent door.
  6515 | D:6      | Noticed a +0 long sword of chaos
  7155 | D:6      | Found a staircase to the Ecumenical Temple.
  7231 | Temple   | Entered the Ecumenical Temple
  7625 | D:7      | Reached XP level 9. HP: 70/78 MP: 8/8
  7628 | D:7      | Reached skill level 9 in Maces & Flails
  7630 | D:7      | Reached skill level 5 in Dodging
  7932 | D:7      | Identified the +10 flail "Grim Tooth" {vamp, Will+ Stlth+}
  8203 | D:7      | Reached skill level 10 in Maces & Flails
  8774 | D:8      | Found a flagged portal.
  8792 | Bailey   | Entered a bailey
  8962 | Bailey   | Noticed a gargoyle
  8968 | Bailey   | Killed a gargoyle
  8969 | Bailey   | Reached skill level 11 in Maces & Flails
  8969 | Bailey   | Reached XP level 10. HP: 88/88 MP: 9/9
  9522 | Bailey   | Reached ***** piety under Trog
 10373 | D:8      | Noticed Psyche
 10378 | D:8      | Killed Psyche
 10573 | D:8      | Found a snail-covered altar of Cheibriados.
 11641 | D:9      | Noticed Maggie
 11660 | D:9      | Killed Maggie
 11934 | D:9      | Reached skill level 12 in Maces & Flails
 11977 | D:9      | Found Zuohickec's Weapon Shoppe.
 12078 | D:9      | Found a white marble altar of Elyvilon.
 12153 | D:9      | Noticed Joseph
 12176 | D:9      | Killed Joseph
 12336 | D:9      | Reached skill level 1 in Short Blades
 12336 | D:9      | Reached skill level 1 in Slings
 12336 | D:9      | Reached skill level 1 in Bows
 12336 | D:9      | Reached skill level 1 in Crossbows
 12336 | D:9      | Reached skill level 1 in Throwing
 12336 | D:9      | Reached skill level 1 in Evocations
 12336 | D:9      | Reached XP level 11. HP: 99/99 MP: 9/11
 12353 | D:9      | Reached skill level 10 in Fighting
 12353 | D:9      | Reached XP level 12. HP: 106/106 MP: 11/13
 12594 | D:9      | Noticed Prince Ribbit
 12600 | D:9      | Killed Prince Ribbit
 12801 | D:9      | Found a basalt altar of Yredelemnul.
 12899 | D:10     | Entered Level 10 of the Dungeon
 13690 | D:10     | Found a staircase to the Lair.
 13893 | D:10     | Found an opulent altar of Gozag.
 14029 | D:10     | Reached skill level 10 in Armour
 14039 | D:10     | Reached XP level 13. HP: 115/115 MP: 14/14
 14245 | D:10     | Reached skill level 13 in Maces & Flails
 14580 | Lair:1   | Entered Level 1 of the Lair of Beasts
 17109 | Lair:2   | Reached skill level 5 in Stealth
 17544 | Lair:2   | Found a blossoming altar of Fedhas.
 17929 | Lair:2   | HP: 4/119 [catoblepas (5)]
 17930 | Lair:2   | Slain by a catoblepas

Illustrated notes

Levels and vault maps discovered:
D:1:      scummos_arrival_star, layout_basic, kennysheep_doodads,
          minmay_tromino_mix6
D:2:      minmay_razor_zed, layout_basic, serial_shops, shop,
          ebering_ecumenical_altar_webs, kennysheep_big_empty_room
D:3:      layout_rooms, cheibrodos_sewer_entry_bend, serial_shops,
          nicolae_shop_advertising_works [nicolae_subvault_shop_adworks]
D:4:      layout_loops_corners, uniq_ijyb
D:5:      layout_basic, mainiacjoe_overflow_surrounded_room, uniq_menkaure
D:6:      layout_cave_pods, nzn_hepliaklqana_mist_gate,
          minmay_temple_entry_stoned_glass, ebering_ghost_xom, minivault_11
D:7:      layout_cave_pools
D:8:      layout_basic, cheibriados_altar_1, enter_bailey_5,
          minmay_misc_feat_more_columns, st_stairs_6, uniq_psyche
D:9:      layout_roguey, kennysheep_ying_yang, serial_shops, shop,
          chequers_garden, uniq_prince_ribbit1, uniq_maggie, uniq_joseph
D:10:     layout_cave_pods, mainiacjoe_overflow_six_doors_small,
          david_lair_shrubbed
Temple:   eino_temple_rhombus
Lair:1:   layout_layer_cave, infiniplex_staircase_pool_2, serial_bayou_shore_b,
          grunt_megastairs_2, serial_bayou_shore_a
Lair:2:   layout_regular_city, hangedman_tree_tricks, guppyfry_lair_drakes

Skill      XL: |  1  2  3  4  5  6  7  8  9 10 11 12 13 |
---------------+----------------------------------------+-----
Fighting       | 4 5 6 8 9 10 12 | 12.4
Axes           | 4 5 6 |  6.2
Armour         | 3 4 5 6 8 9 10 11 | 11.1
Maces & Flails | 2 4 6 8 11 12 13 | 13.6
Dodging        | 3 4 6 7 8 9 |  9.3
Stealth        | 1 2 3 4 5 |  5.1
Short Blades   | 1 2 |  2.6
Long Blades    | 2 3 |  3.2
Polearms       | 2 3 |  3.4
Staves         | 2 |  2.9
Slings         | 1 3 |  3.0
Bows           | 1 2 |  2.6
Crossbows      | 1 2 |  2.6
Throwing       | 1 2 |  2.7
Shields        | 2 3 |  3.4
Unarmed Combat | 2 |  2.9
Invocations    | 2 |  2.8
Evocations     | 1 2 |  2.1

Action                   |  1- 3 |  4- 6 |  7- 9 | 10-12 | 13-15 || total
-------------------------+-------+-------+-------+-------+-------++-------
Melee: Hand axe          |    74 |    10 |       |       |       ||    84
       Headbutt          |    16 |    26 |    46 |    56 |    78 ||   222
       Punch             |     3 |     1 |     7 |     7 |    18 ||    36
       Whip              |       |   126 |   207 |   232 |   294 ||   859
Invok: Berserk           |     1 |     1 |     4 |     1 |     1 ||     8
       Trog's Hand       |       |       |     1 |       |       ||     1
  Use: Scroll            |       |       |       |     9 |       ||     9
       Potion            |       |       |       |     2 |       ||     2
 Stab: Distracted        |       |       |     1 |       |     1 ||     2
       Sleeping          |       |       |       |     1 |       ||     1
Armor: Animal skin       |     5 |       |       |       |       ||     5
       Ring mail         |    10 |    42 |    72 |    58 |    43 ||   225
Dodge: Dodged            |    49 |    81 |   122 |   181 |   191 ||   624
